 Dungeon Crawl Stone Soup version 0.21.1-1-g345015fe64 (webtiles) character file.

1383 Delanovic the Archer (level 8, -2/64 HPs)
             Began as a Gnoll Wanderer on Apr 30, 2018.
             Slain by an ogre
             ... wielding a +0 giant club
              (24 damage)
             ... on level 6 of the Dungeon.
             The game lasted 00:13:22 (4295 turns).

Delanovic the Archer (Gnoll Wanderer)               Turns: 4295, Time: 00:13:22

Health: -2/64      AC: 10    Str: 18 (19) XL:     8   Next: 67%
Magic:  13/13      EV: 11    Int: 17 (18) God:
Gold:   209        SH:  0    Dex: 13 (14) Spells: 13/13 levels left

rFire    . . .     SeeInvis .   a - +3 flail (venom)
rCold    . . .     Gourm    .   (no shield)
rNeg     . . .     Faith    +   B - +2 scale mail
rPois    .         Spirit   .   (no helmet)
rElec    .         Reflect  .   (no cloak)
rCorr    .         Harm     .   C - +0 pair of gloves
MR       .....     Clarity  +   (no boots)
Stlth    +.........             g - amulet of faith
HPRegen  0.20/turn              y - +5 ring of intelligence
MPRegen  0.13/turn              (no ring)

@: drained
A: distributed training, fangs 1, clarity, wild magic 2, strong nose
a: no special abilities


You were on level 6 of the Dungeon.
You were not hungry.

You visited 1 branch of the dungeon, and saw 6 of its levels.

You collected 209 gold pieces.

Inventory:

Hand Weapons
 a - a +3 flail of venom (weapon)
 b - a +0 shortbow
 l - a +0 club
Missiles
 c - 26 arrows
Armour
 B - a +2 scale mail (worn)
 C - a +0 pair of gloves (worn)
Jewellery
 e - an uncursed amulet of the gourmand
 g - an amulet of faith (around neck)
 y - a +5 ring of intelligence (left hand)
Wands
 t - a wand of polymorph (12)
 x - a wand of flame (27)
Scrolls
 h - a scroll of fear
 i - 2 scrolls of teleportation {unknown}
 j - a scroll of immolation {unknown}
 n - 9 scrolls of identify {unknown}
 p - a scroll of remove curse {unknown}
 q - 3 scrolls of enchant armour {unknown}
 u - a scroll of fog {unknown}
 v - 2 scrolls of amnesia {unknown}
Potions
 d - a potion of curing
Miscellaneous
 D - a phial of floods
 E - a box of beasts
Comestibles
 f - 13 rations


   Skills:
 + Level 5.8(5.7) Fighting
 + Level 3.4(3.3) Short Blades
 + Level 3.4(3.3) Long Blades
 + Level 3.4(3.3) Axes
 + Level 3.4(3.3) Maces & Flails
 + Level 3.4(3.3) Polearms
 + Level 3.4(3.3) Staves
 + Level 3.4(3.3) Slings
 + Level 9.2(9.1) Bows
 + Level 3.4(3.3) Crossbows
 + Level 3.4(3.3) Throwing
 + Level 4.3(4.2) Armour
 + Level 4.3(4.2) Dodging
 + Level 4.2(4.1) Stealth
 + Level 3.4(3.3) Shields
 + Level 3.4(3.3) Unarmed Combat
 + Level 3.4(3.3) Spellcasting
 + Level 2.8(2.7) Conjurations
 + Level 2.8(2.7) Hexes
 + Level 2.8(2.7) Charms
 + Level 2.8(2.7) Summonings
 + Level 2.8(2.7) Necromancy
 + Level 2.8(2.7) Translocations
 + Level 2.8(2.7) Transmutations
 + Level 2.8(2.7) Fire Magic
 + Level 2.8(2.7) Ice Magic
 + Level 2.8(2.7) Air Magic
 + Level 2.8(2.7) Earth Magic
 + Level 2.8(2.7) Poison Magic
 + Level 3.7(3.6) Invocations
 + Level 4.3(4.2) Evocations


You had 13 spell levels left.
You didn't know any spells.

Dungeon Overview and Level Annotations

Branches:
Dungeon (6/15)             Temple (0/1) D:5

Altars:
Dithmenos
Gozag
Vehumet


Innate Abilities, Weirdness & Mutations

Your experience applies equally to all skills.
You have very sharp teeth.
Your uncanny sense of smell can sniff out nearby items.
You possess an exceptional clarity of mind.
Your spells are harder to cast, but more powerful.


Message History

The jelly hits you but does no damage.
You thump the jelly!
You kill the jelly!
The ogre hits you with a giant club.
You hit the ogre.
The ogre is poisoned.
The ogre is lightly wounded.
The ogre hits you with a giant club!!
You sock the ogre!
The ogre looks as sick as possible!
The ogre is heavily wounded.
The ogre closely misses you.
You hit the ogre.
The ogre looks as sick as possible!
You bite the ogre.
The ogre is heavily wounded.
The ogre hits you with a giant club!
You are too injured to fight recklessly!
You are too injured to fight recklessly!
You are too injured to fight recklessly!
You hit the ogre.
The ogre is almost dead.
The ogre hits you with a giant club!!
You die...

######...o...a
###)##..... #)).#
#[oo. ##o### ###.
#######.)#
######...<#..#####
.................#
#####....#.####....
#.@O..#.# ##
#.......#.#
#..#....#.#
#..##....#.# #...
######.# ...# #.#
... #.# #.


You could see an orc warrior and an ogre.

Vanquished Creatures
  The ghost of DildoBatman the Charlatan, a novice FoWz (D:5)
  An ice beast (D:6)
  An orc warrior (D:6)
  A phantom (D:4)
  An ogre (D:6)
  A bullfrog (D:6)
  A crimson imp (D:5)
  4 hounds
  2 orc priests
  A jelly (D:6)
  3 orc wizards
  2 iguanas
  4 worker ants
  A killer bee zombie (D:5)
  A hound skeleton (D:4)
  5 adders
  3 gnolls (D:4)
  An adder zombie (D:5)
  2 adder skeletons
  3 worms (D:4)
  A dart slug (D:4)
  3 leopard geckos
  15 orcs
  5 giant cockroaches
  5 goblins
  9 hobgoblins
  9 jackals
  A quokka (D:4)
  4 bats
  5 frilled lizards
  7 kobolds
  A quokka skeleton (D:4)
  3 rats
107 creatures vanquished.

Notes
Turn   | Place    | Note
-------+----------+-------------------------------------------
     0 | D:1      | Delanovic the Gnoll Wanderer began the quest for the Orb.
     0 | D:1      | Delanovic set off with: a +2 scale mail, a +0 shortbow, 24 arrows, a potion of curing, a ration
     0 | D:1      | Reached XP level 1. HP: 20/20 MP: 2/2
   184 | D:1      | Reached XP level 2. HP: 26/26 MP: 3/3
   772 | D:2      | Found an opulent altar of Gozag.
   774 | D:2      | Found a shadowy altar of Dithmenos.
   776 | D:2      | Found a radiant altar of Vehumet.
   872 | D:2      | Reached XP level 3. HP: 31/31 MP: 4/4
  1464 | D:3      | Reached skill level 1 in Invocations
  1669 | D:3      | Reached skill level 1 in Short Blades
  1669 | D:3      | Reached skill level 1 in Long Blades
  1669 | D:3      | Reached skill level 1 in Axes
  1669 | D:3      | Reached skill level 1 in Maces & Flails
  1669 | D:3      | Reached skill level 1 in Polearms
  1669 | D:3      | Reached skill level 1 in Staves
  1669 | D:3      | Reached skill level 1 in Slings
  1669 | D:3      | Reached skill level 1 in Crossbows
  1669 | D:3      | Reached skill level 1 in Throwing
  1669 | D:3      | Reached skill level 1 in Shields
  1669 | D:3      | Reached skill level 1 in Unarmed Combat
  1669 | D:3      | Reached skill level 1 in Spellcasting
  1669 | D:3      | Reached XP level 4. HP: 11/38 MP: 4/6
  2077 | D:4      | Found a large runed door.
  2077 | D:4      | Found a large runed door.
  2104 | D:4      | Reached skill level 1 in Conjurations
  2104 | D:4      | Reached skill level 1 in Hexes
  2104 | D:4      | Reached skill level 1 in Charms
  2104 | D:4      | Reached skill level 1 in Summonings
  2104 | D:4      | Reached skill level 1 in Necromancy
  2104 | D:4      | Reached skill level 1 in Translocations
  2104 | D:4      | Reached skill level 1 in Transmutations
  2104 | D:4      | Reached skill level 1 in Fire Magic
  2104 | D:4      | Reached skill level 1 in Ice Magic
  2104 | D:4      | Reached skill level 1 in Air Magic
  2104 | D:4      | Reached skill level 1 in Earth Magic
  2104 | D:4      | Reached skill level 1 in Poison Magic
  2155 | D:4      | Reached XP level 5. HP: 43/43 MP: 7/7
  2302 | D:4      | Found a large runed door.
  2302 | D:4      | Found a large runed door.
  2312 | D:4      | Noticed a phantom
  2327 | D:4      | Reached XP level 6. HP: 30/50 MP: 8/8
  2359 | D:4      | Killed a phantom
  2359 | D:4      | Reached skill level 5 in Fighting
  2787 | D:4      | Reached XP level 7. HP: 51/56 MP: 10/10
  3390 | D:5      | Entered Level 5 of the Dungeon
  3620 | D:5      | Found a staircase to the Ecumenical Temple.
  3731 | D:5      | Noticed DildoBatman's ghost (novice FoWz)
  3750 | D:5      | Killed DildoBatman's ghost
  3750 | D:5      | Reached skill level 9 in Bows
  3887 | D:5      | Reached XP level 8. HP: 63/63 MP: 12/12
  3981 | D:6      | HP: 3/63 [orc warrior/enchanted scimitar (17)]
  4001 | D:6      | Gained mutation: Your spells are a little harder to cast, but a little more powerful. [potion of mutation]
  4001 | D:6      | Gained mutation: You possess an exceptional clarity of mind. [potion of mutation]
  4001 | D:6      | Gained mutation: Your spells are harder to cast, but more powerful. [potion of mutation]
  4295 | D:6      | Slain by an ogre

Skill      XL: |  1  2  3  4  5  6  7  8 |
---------------+-------------------------+-----
Invocations    | 1 2 3 |  3.7
Short Blades   | 1 2 3 |  3.4
Long Blades    | 1 2 3 |  3.4
Axes           | 1 2 3 |  3.4
Maces & Flails | 1 2 3 |  3.4
Polearms       | 1 2 3 |  3.4
Staves         | 1 2 3 |  3.4
Slings         | 1 2 3 |  3.4
Crossbows      | 1 2 3 |  3.4
Throwing       | 1 2 3 |  3.4
Shields        | 1 2 3 |  3.4
Unarmed Combat | 1 2 3 |  3.4
Spellcasting   | 1 2 3 |  3.4
Conjurations   | 1 2 |  2.8
Hexes          | 1 2 |  2.8
Charms         | 1 2 |  2.8
Summonings     | 1 2 |  2.8
Necromancy     | 1 2 |  2.8
Translocations | 1 2 |  2.8
Transmutations | 1 2 |  2.8
Fire Magic     | 1 2 |  2.8
Ice Magic      | 1 2 |  2.8
Air Magic      | 1 2 |  2.8
Earth Magic    | 1 2 |  2.8
Poison Magic   | 1 2 |  2.8
Armour         | 3 4 |  4.3
Dodging        | 3 4 |  4.3
Evocations     | 3 4 |  4.3
Stealth        | 3 4 |  4.2
Fighting       | 5 |  5.8
Bows           | 9 |  9.2

Action                   |  1- 3 |  4- 6 |  7- 9 || total
-------------------------+-------+-------+-------++-------
Melee: Shortbow          |     2 |       |       ||     2
       Flail             |       |       |   130 ||   130
       Bite              |       |       |    14 ||    14
       Punch             |       |       |     3 ||     3
 Fire: Shortbow          |   121 |   149 |    11 ||   281
  Use: Potion            |       |       |    13 ||    13
       Scroll            |       |       |     1 ||     1
  Eat: Chunk             |     2 |     3 |     5 ||    10
Armor: Scale mail        |    19 |    23 |    54 ||    96
       Skin              |       |       |    80 ||    80
Dodge: Dodged            |    15 |    38 |    91 ||   144
